 Dungeon Crawl Stone Soup version 0.24.1-4-ge52af88ad5 (webtiles) character file.

Game seed: 7102545498845118379, levelgen mode: deterministic

170 Peloso the Shield-Bearer (level 5, 0/46 HPs)
             Began as a Minotaur Fighter on Apr 16, 2020.
             Slain by Sigmund
             ... wielding a +0 scythe
              (3 damage)
             ... on level 2 of the Dungeon.
             The game lasted 00:03:47 (1242 turns).

Peloso the Shield-Bearer (Minotaur Fighter)         Turns: 1242, Time: 00:03:48

Health: 0/46       AC: 11    Str: 21    XL:     5   Next: 25%
Magic:  4/4        EV:  6    Int:  7    God:
Gold:   36         SH: 10    Dex: 11    Spells: 4/4 levels left

rFire    . . .     SeeInvis .   a - +0 long sword
rCold    . . .     Gourm    .   c - +0 shield
rNeg     . . .     Faith    .   m - +0 chain mail {rPois}
rPois    +         Spirit   .   (helmet restricted)
rElec    .         Reflect  .   (no cloak)
rCorr    .         Harm     .   (no gloves)
MR       .....                  l - +1 pair of boots
Stlth    ..........             n - amulet of regeneration
HPRegen  0.55/turn              e - +3 ring of strength
MPRegen  0.09/turn              (no ring)

@: no status effects
A: retaliatory headbutt, hooves 1, horns 2, clever 1, weak 1
a: no special abilities


You were on level 2 of the Dungeon.
You were not hungry.

You visited 1 branch of the dungeon, and saw 2 of its levels.

You collected 36 gold pieces.

Inventory:

Hand Weapons
 a - a +0 long sword (weapon)
Armour
 b - a +0 scale mail
 c - a +0 shield (worn)
 l - a +1 pair of boots (worn)
 m - a +0 chain mail of poison resistance (worn)
Jewellery
 e - a +3 ring of strength (left hand)
 n - an amulet of regeneration (around neck)
Scrolls
 g - 4 scrolls of remove curse {unknown}
 i - 2 scrolls of identify {unknown}
 j - a scroll of blinking {unknown}
Potions
 d - 2 potions of might
 h - a potion of brilliance {unknown}
 o - a potion of berserk rage {unknown}
Comestibles
 f - 3 rations


   Skills:
 + Level 4.2 Fighting
 + Level 4.0 Long Blades
 + Level 4.7 Armour
 + Level 1.2 Dodging
 + Level 4.8 Shields


You had 4 spell levels left.
You didn't know any spells.
Your spell library was empty.

Dungeon Overview and Level Annotations

Branches:
Dungeon (2/15)

Altars:
Hepliaklqana
Wu Jian

Annotations:
D:2 Sigmund


Innate Abilities, Weirdness & Mutations

You reflexively headbutt those who attack you in melee.
You have a pair of horns on your head.
You have large cloven feet.
Your mind is acute. (Int +2)
You are weak. (Str -2)


Message History

The adder is severely wounded.
The adder bites you but does no damage. Something hits you.
You block the adder's attack. Something hits you. You block the adder's attack.
The adder bites you but does no damage. You block the adder's attack.
Something hits you. The adder bites you but does no damage. Something hits you.
You block the adder's attack. You block the adder's attack. Something hits you!
* * * LOW HITPOINT WARNING * * *
The adder bites you but does no damage. The adder barely misses you.
Something hits you.
* * * LOW HITPOINT WARNING * * *
The adder bites you but does no damage. You block the adder's attack.
Something hits you but does no damage. The adder bites you but does no damage.
You block the adder's attack. Something hits you but does no damage.
You block the adder's attack. The adder bites you.
* * * LOW HITPOINT WARNING * * *
Something hits you.
You die...

#.............#...#...##.#...
###...............#..........
#####.#.............#.....###+#
#...................#.....# #.#
#.....)..........##.....###.#
#................##...#.'.._.
#.(............####...#.#####
####.#...#.....##.......# ###
#.#...#..@..##....#..#####
#.#......S..##....#.......
#........{..##....#....†).
#...........##....#.......
..........................
............#....#.##....
.........†..######.##....
............#......####..
#...........#......##....


You could see an adder.

Vanquished Creatures
  Natasha (thrice) (D:2)
  Terence (D:2)
  2 adders (D:2)
  3 dart slugs
  2 leopard geckos
  2 giant cockroaches
  A goblin (D:2)
  5 hobgoblins
  4 jackals (D:2)
  2 quokkas (D:2)
  A ball python (D:1)
  6 bats
  2 frilled lizards
  3 kobolds
  9 rats
46 creatures vanquished.

Notes
Turn   | Place    | Note
-------+----------+-------------------------------------------
     0 | D:1      | Peloso the Minotaur Fighter began the quest for the Orb.
     0 | D:1      | Reached XP level 1. HP: 19/19 MP: 0/0
   177 | D:1      | Reached XP level 2. HP: 27/27 MP: 1/1
   744 | D:2      | Reached XP level 3. HP: 33/33 MP: 2/2
   800 | D:2      | Found a hazy altar of Hepliaklqana.
   854 | D:2      | Found an ornate altar of the Wu Jian Council.
   888 | D:2      | Noticed Natasha
   892 | D:2      | Killed Natasha
   892 | D:2      | Reached XP level 4. HP: 32/40 MP: 3/3
   902 | D:2      | Noticed Natasha
   925 | D:2      | Killed Natasha
   972 | D:2      | Noticed Natasha
   980 | D:2      | Killed Natasha
   980 | D:2      | Reached skill level 1 in Dodging
   980 | D:2      | Reached XP level 5. HP: 46/46 MP: 4/4
  1055 | D:2      | Noticed Terence
  1077 | D:2      | Killed Terence
  1193 | D:2      | Noticed Sigmund
  1214 | D:2      | Gained mutation: Your magical capacity is low. (-10% MP)
                  | [potion of mutation]
  1214 | D:2      | Gained mutation: Your system is resistant to poisons.
                  | (rPois) [potion of mutation]
  1217 | D:2      | Lost mutation: Your magical capacity is low. (-10% MP)
                  | [potion of mutation]
  1217 | D:2      | Lost mutation: Your system is resistant to poisons. (rPois)
                  | [potion of mutation]
  1217 | D:2      | Gained mutation: You are weak. (Str -2) [potion of
                  | mutation]
  1217 | D:2      | Gained mutation: You have large cloven feet. [potion of
                  | mutation]
  1217 | D:2      | Gained mutation: Your mind is acute. (Int +2) [potion of
                  | mutation]
  1242 | D:2      | Slain by Sigmund

Levels and vault maps discovered:
D:1:      evilmike_arrival_crescent, layout_loops_ring
D:2:      layout_basic, lemuel_doored_altar, nicolae_overflow_hidden_temple,
          old_standard_altar, uniq_natasha, uniq_terence, uniq_sigmund

Skill      XL: |  1  2  3  4  5 |
---------------+----------------+-----
Armour         | 4 |  4.7
Fighting       | 4 |  4.2
Shields        | 4 |  4.8
Long Blades    | 3 4 |  4.0
Dodging        | 1 |  1.2

Action                   |  1- 3 |  4- 6 || total
-------------------------+-------+-------++-------
Melee: Long sword        |    80 |    54 ||   134
       Headbutt          |    11 |     5 ||    16
  Use: Potion            |       |     2 ||     2
  Eat: Chunk             |       |     1 ||     1
Armor: Scale mail        |    55 |    19 ||    74
       Chain mail        |       |    32 ||    32
Dodge: Dodged            |    24 |    47 ||    71
Block: Shield            |    55 |    43 ||    98
       Rpst.: Long sword |     7 |    10 ||    17
